 Dungeon Crawl Stone Soup version 0.18.1-8-gdd0e5ea (webtiles) character file.

15112 Liquid the Bludgeoner (level 12, -5/140 HPs)
             Began as an Ogre Berserker on June 11, 2016.
             Was an Elder of Trog.
             Slain by a six-headed hydra (9 damage)
             ... on level 1 of the Lair of Beasts.
             The game lasted 00:31:52 (10756 turns).

Liquid the Bludgeoner (Ogre Berserker)             Turns: 10756, Time: 00:31:52

Health: -5/140     AC: 10    Str: 25    XL:     12   Next: 23%
Magic:  12/12      EV:  6    Int: 10    God:    Trog [****..]
Gold:   431        SH: 12    Dex: 12    Spells: 0 memorised, 11 levels left

rFire  + + +     SeeInvis .     S - +0 flail (protect)
rCold  . . .     Gourm    .     Q - +2 robe {MR+}
rNeg   . . .     Faith    .     k - +0 large shield
rPois  .         Spirit   .     (helmet restricted)
rElec  .         Dismiss  .     (no cloak)
rCorr  .         Reflect  .     (gloves unavailable)
SustAt .         Harm     .     (boots unavailable)
MR     ++...                    j - amulet of magic regeneration
Stlth  +.........               h - +5 ring of dexterity
                                K - ring of protection from fire

@: exhausted, about to teleport, slowed, drained, very slow, very resistant to
hostile enchantments, very unstealthy
A: unfitting armour, clumsy 1, fire resistance 2, tough skin 1
a: Berserk, Trog's Hand, Brothers in Arms, Burn Spellbooks, Renounce Religion


You were on level 1 of the Lair of Beasts.
You worshipped Trog.
Trog was greatly pleased with you.
You were not hungry.

You visited 2 branches of the dungeon, and saw 13 of its levels.
You also visited: Volcano.

You collected 808 gold pieces.
You spent 377 gold pieces at shops.

Inventory:

Hand Weapons
 a - a +0 flail of protection
 r - a +0 flail
 y - a +1 giant spiked club
 P - a +4 scimitar of flaming
 S - a +0 flail of protection (weapon)
Missiles
 E - 5 large rocks (quivered)
Armour
 k - a +0 large shield (worn)
 Q - a +2 robe of magic resistance (worn)
 T - a troll hide
Jewellery
 d - an uncursed ring of see invisible
 h - a +5 ring of dexterity (right hand)
 j - an amulet of magic regeneration (around neck)
 o - an uncursed ring of protection from cold
 w - an uncursed ring of protection from cold
 x - a +3 ring of protection
 B - an uncursed ring of magical power
 K - a ring of protection from fire (left hand)
Wands
 b - a wand of digging (5/24)
 l - a wand of confusion (14/48)
 n - a wand of enslavement (6/24)
 t - a wand of random effects (22/48)
 v - a wand of paralysis (13/24)
 z - a wand of lightning (3/15)
 J - a wand of polymorph (16/24)
 O - a wand of paralysis (10/24)
 U - a wand of slowing (14/48)
 V - a wand of flame (34/48)
 W - a wand of digging (24/24)
 X - a wand of disintegration (6/24)
 Z - a wand of disintegration (14/24)
Scrolls
 f - 6 scrolls of remove curse
 g - a scroll of teleportation
 p - 2 scrolls of fog
 H - a scroll of identify
 M - a scroll of enchant armour
 Y - a scroll of recharging
Potions
 i - 2 potions of degeneration
 m - a potion of flight
 s - 3 potions of berserk rage
 C - a potion of agility
 D - 2 potions of curing
 G - a potion of cancellation
 I - a potion of resistance {unknown}
Comestibles
 c - 6 bread rations
 A - 6 meat rations
 N - 15 fruits


   Skills:
 + Level 14.9(13.7) Fighting
 * Level 15.5(14.3) Maces & Flails
 + Level 8.1(7.1) Throwing
 + Level 5.9(4.9) Dodging


You had 11 spell levels left.
You didn't know any spells.

Dungeon Overview and Level Annotations

Branches:
Dungeon (12/15)            Temple (0/1) D:4            Lair (1/8) D:8
    Orc (0/2) D:9

Altars:
Ashenzari
Fedhas
Kikubaaqudgha
Nemelex Xobeh
Qazlal
Ru
Xom

Shops:
D:4 *   D:6 [   D:10 *   D:11 *   D:12 (

Annotations:
D:12 Fannar


Innate Abilities, Weirdness & Mutations

You are too large for most types of armour.
You have tough skin (AC +1).
You are clumsy. (Dex -2)
Your flesh is very heat resistant.


Message History

You feel strangely unstable.
Your skin stops crawling.
You feel less resistant to hostile enchantments.
You block the six-headed hydra's attack.
The six-headed hydra bites you!
* * * LOW HITPOINT WARNING * * *
The six-headed hydra barely misses you. The six-headed hydra bites you!
* * * LOW HITPOINT WARNING * * *
The six-headed hydra bites you but does no damage.
You block the six-headed hydra's attack.
The six-headed hydra barely misses you. The six-headed hydra bites you!
* * * LOW HITPOINT WARNING * * *
The six-headed hydra bites you!
* * * LOW HITPOINT WARNING * * *
The six-headed hydra bites you.
* * * LOW HITPOINT WARNING * * *
The six-headed hydra bites you.
* * * LOW HITPOINT WARNING * * *
The six-headed hydra bites you!
You die...

*,,......................
**,,......................
*,,**#..................##
**,* #...................#
*,**#.....#............##
*,,*#....#.≈≈..........#
*..,,#.....§......###..#
*....#....§.......# ##.##
*,#...≈≈@.#..#....# #÷##
*...≈.≈#.D....#..## #...
*...≈≈#.##.......# ##...
**......≈#§§......# #...#
*,.##...≈.§≈.##..## ##.#.
**,#...≈....≈..#.# #.#.
*,.###.#...≈..### #...
*,** #.,,,...## #.#. *,*
*,*,,...#* *#.#.


You could see a six-headed hydra.

Vanquished Creatures
  The ghost of Rekenzichi the Spear-Bearer, a journeyman DrGl of Yredelemnul (Lair:1)
  Erolcha (D:9)
  The ghost of M4edhros the Covert, a journeyman OpAr of Cheibriados (D:12)
  Erica (D:8)
  2 ugly things (D:11)
  A hill giant (D:11)
  Joseph (D:7)
  The ghost of kak the Thaumaturge, a novice DECj (D:6)
  A troll (D:12)
  Grinder (D:4)
  Prince Ribbit (D:5)
  2 wraiths (D:10)
  15 yaks
  Grum (D:9)
  2 steam dragons (D:10)
  2 hippogriffs
  A warg (D:9)
  2 vampire mosquitoes (D:12)
  3 orc warriors
  A porcupine (Lair:1)
  A water moccasin (Lair:1)
  4 ice beasts
  A phantom (D:5)
  2 sky beasts
  A black bear (D:8)
  5 ogres
  2 necrophages
  6 wolves
  6 centaurs
  A crocodile (Lair:1)
  4 big kobolds
  Blork the orc (D:6)
  6 giant frogs
  A water moccasin zombie (D:9)
  2 water moccasin skeletons
  4 scorpions
  5 killer bees (D:9)
  A howler monkey (D:6)
  3 wights (D:11)
  12 crimson imps
  3 centaur zombies (D:8)
  2 giant frog zombies
  A quasit (D:11)
  5 orc priests
  2 centaur skeletons
  8 hounds
  2 jellies
  A giant frog skeleton (D:6)
  An iguana (D:6)
  6 orc wizards
  11 worker ants
  2 killer bee zombies
  Robin (D:4)
  A howler monkey zombie (D:5)
  10 adders
  10 river rats (Lair:1)
  5 shadow imps
  An ooze (D:4)
  2 giant geckos
  27 orcs
  3 giant cockroaches
  20 goblins
  13 hobgoblins
  9 jackals
  5 quokkas
  A ball python (D:3)
  8 bats
  A giant gecko skeleton (D:7)
  3 giant newts
  22 kobolds
  A quokka skeleton (D:4)
  4 rats
  2 fungi
302 creatures vanquished.

Notes
Turn   | Place    | Note
--------------------------------------------------------------
     0 | D:1      | Liquid the Ogre Berserker began the quest for the Orb.
     0 | D:1      | Reached XP level 1. HP: 24/24 MP: 1/1
   462 | D:1      | Reached XP level 2. HP: 27/32 MP: 2/2
   808 | D:2      | Reached skill level 5 in Maces & Flails
   808 | D:2      | Reached XP level 3. HP: 34/40 MP: 3/3
  1026 | D:2      | Found a sacrificial altar of Ru.
  1153 | D:2      | Reached ** piety under Trog
  1918 | D:3      | Reached XP level 4. HP: 46/49 MP: 4/4
  2159 | D:3      | Reached skill level 5 in Fighting
  2526 | D:3      | Reached skill level 6 in Maces & Flails
  2627 | D:4      | Reached XP level 5. HP: 41/59 MP: 5/5
  2751 | D:4      | Noticed Robin
  2755 | D:4      | Found Fono's Assorted Antiques.
  2768 | D:4      | Reached *** piety under Trog
  2775 | D:4      | Killed Robin
  2820 | D:4      | Reached skill level 1 in Throwing
  2820 | D:4      | Reached XP level 6. HP: 60/67 MP: 6/6
  2871 | D:4      | Found a shattered altar of Ashenzari.
  2933 | D:4      | Noticed Grinder
  2935 | D:4      | Killed Grinder
  2935 | D:4      | Reached skill level 7 in Maces & Flails
  2935 | D:4      | Reached XP level 7. HP: 78/78 MP: 7/7
  3066 | D:4      | Reached skill level 8 in Maces & Flails
  3112 | D:4      | Bought a gold wand for 116 gold pieces
  3112 | D:4      | Bought a jewelled silver wand for 116 gold pieces
  3171 | D:4      | Found a staircase to the Ecumenical Temple.
  3391 | D:5      | Entered Level 5 of the Dungeon
  3421 | D:5      | Noticed Prince Ribbit
  3435 | D:5      | Killed Prince Ribbit
  3485 | D:5      | Reached XP level 8. HP: 89/89 MP: 8/8
  3509 | D:5      | Reached skill level 9 in Maces & Flails
  3930 | D:5      | Found a shimmering altar of Xom.
  4215 | D:5      | Reached skill level 10 in Maces & Flails
  4469 | D:6      | Noticed kak's ghost (novice DECj)
  4506 | D:6      | Killed kak's ghost
  4506 | D:6      | Reached XP level 9. HP: 101/101 MP: 9/9
  4571 | D:6      | Reached skill level 10 in Fighting
  4669 | D:6      | Found a stormy altar of Qazlal.
  4840 | D:6      | Found Ocacs's Armour Boutique.
  4849 | D:6      | Reached skill level 11 in Maces & Flails
  4854 | D:6      | Noticed Blork the orc
  4859 | D:6      | Killed Blork the orc
  4979 | D:6      | Reached **** piety under Trog
  5377 | D:7      | Reached skill level 5 in Throwing
  5412 | D:7      | Reached skill level 12 in Maces & Flails
  5669 | D:7      | Noticed Joseph
  5684 | D:7      | Killed Joseph
  5684 | D:7      | Reached XP level 10. HP: 102/115 MP: 10/10
  6299 | D:8      | Gained mutation: Your flesh is heat resistant. [potion of beneficial mutation]
  6322 | D:8      | Found a staircase to the Lair.
  6517 | D:8      | Noticed Erica
  6522 | D:8      | Killed Erica
  6522 | D:8      | Reached ***** piety under Trog
  6522 | D:8      | Reached skill level 13 in Maces & Flails
  6928 | D:9      | Received a gift from Trog
  6929 | D:9      | Noticed Erolcha
  6936 | D:9      | Killed Erolcha
  6936 | D:9      | Reached XP level 11. HP: 108/126 MP: 11/11
  7041 | D:9      | Reached skill level 14 in Maces & Flails
  7144 | D:9      | Found a staircase to the Orcish Mines.
  7309 | D:9      | Noticed Grum
  7319 | D:9      | Received a gift from Trog
  7321 | D:9      | Killed Grum
  7755 | D:9      | Found a sparkling altar of Nemelex Xobeh.
  7797 | D:10     | Entered Level 10 of the Dungeon
  8054 | D:10     | Found a blossoming altar of Fedhas.
  8163 | D:10     | Found Sopetsic's Assorted Antiques.
  8171 | D:10     | Bought a short silver wand for 116 gold pieces
  8171 | D:10     | Bought a scroll labeled ZARRIE VUVVEB for 29 gold pieces
  8305 | D:10     | Found an ancient bone altar of Kikubaaqudgha.
  8484 | D:11     | Noticed a white ugly thing
  8485 | D:11     | Noticed a cyan ugly thing
  8510 | D:11     | Killed a cyan ugly thing
  8510 | D:11     | Reached skill level 5 in Dodging
  8519 | D:11     | Killed a green ugly thing
  8529 | D:11     | Gained mutation: Your flesh is very heat resistant. [mutagenic meat]
  8530 | D:11     | Gained mutation: You are clumsy. (Dex -2) [mutagenic meat]
  8561 | D:11     | Found Astri's General Store.
  8663 | D:11     | Noticed a hill giant
  8683 | D:11     | Killed a hill giant
  8916 | D:12     | Received a gift from Trog
  8928 | D:12     | Noticed M4edhros's ghost (journeyman OpAr)
  8929 | D:12     | Reached skill level 15 in Maces & Flails
  9184 | D:12     | Killed M4edhros's ghost
  9184 | D:12     | Reached XP level 12. HP: 139/139 MP: 12/12
  9258 | D:12     | Found Rebbox's Antique Weapon Emporium.
  9519 | D:12     | Noticed Fannar
  9824 | Lair:1   | Entered Level 1 of the Lair of Beasts
  9859 | Lair:1   | Noticed Rekenzichi's ghost (journeyman DrGl)
 10128 | Lair:1   | Found a dark tunnel.
 10162 | Lair:1   | Killed Rekenzichi's ghost
 10188 | Volcano  | Entered a volcano
 10725 | Volcano  | Found a radiant altar of Vehumet.
 10725 | Volcano  | Noticed a deep elf knight
 10754 | Lair:1   | Noticed a six-headed hydra
 10756 | Lair:1   | HP: 4/140 [six-headed hydra (4)]
 10756 | Lair:1   | Slain by a six-headed hydra

Skill      XL: |  1  2  3  4  5  6  7  8  9 10 11 12 |
---------------+-------------------------------------+-----
Maces & Flails | 5 6 7 8 10 12 13 15 | 15.5
Fighting       | 5 6 7 8 9 11 13 14 | 14.9
Throwing       | 1 2 3 4 5 6 7 8 |  8.1
Dodging        | 4 5 |  5.9

Action                   |  1- 3 |  4- 6 |  7- 9 | 10-12 || total
-------------------------+-------+-------+-------+-------++-------
Melee: Mace              |   109 |       |       |       ||   109
       Whip              |    26 |       |       |       ||    26
       Flail             |    13 |   107 |   322 |   783 ||  1225
Throw: Large rock        |       |     2 |    13 |    14 ||    29
Invok: Berserk           |     1 |     1 |     4 |    12 ||    18
       Trog's Hand       |     1 |     2 |     5 |    16 ||    24
       Burn Spellbooks   |       |       |       |     1 ||     1
       Brothers in Arms  |       |       |       |     1 ||     1
  Use: Scroll            |       |    10 |     2 |    16 ||    28
       Potion            |       |     1 |     2 |    10 ||    13
 Stab: Sleeping          |       |       |     2 |     1 ||     3
  Eat: Chunk             |     4 |     5 |    11 |    20 ||    40
       Meat ration       |     1 |       |       |       ||     1
       Pizza             |       |       |     2 |     1 ||     3
       Royal jelly       |       |       |       |     1 ||     1
       Bread ration      |       |       |       |     3 ||     3
Armor: Animal skin       |    40 |    44 |   101 |    73 ||   258
       Skin              |       |       |    40 |       ||    40
       Robe              |       |       |       |   241 ||   241
Dodge: Dodged            |    64 |    29 |    27 |   180 ||   300
Block: Large shield      |       |   108 |   169 |   521 ||   798
